 Dungeon Sprint DCSS version 0.26-a0-662-g8b9c6dab81 (webtiles) character file.

Game seed: 8001785810497457519

25 mhtbhm the Digger (level 2, -15/15 HPs)
             Began as a Deep Elf Earth Elementalist on Oct 10, 2020.
             Demolished by Crazy Yiuf
             ... wielding a +4 quarterstaff of chaos
              (22 damage)
             ... in the Dungeon (Sprint III: "The Ten Rune Challenge").
             The game lasted 00:00:53 (251 turns).

mhtbhm the Digger (Deep Elf Earth Elementalist)      Turns: 251, Time: 00:00:54

Health: -15/15     AC:  2    Str:  5    XL:     2   Next: 82%
Magic:  6/9        EV: 13    Int: 19    God:
Gold:   0          SH:  0    Dex: 15    Spells: 9/10 levels left

rFire    . . .     SeeInvis .   (no weapon)
rCold    . . .     Faith    .   (no shield)
rNeg     . . .     Spirit   .   c - +0 robe
rPois    .         Reflect  .   (no helmet)
rElec    .         Harm     .   (no cloak)
rCorr    .         Rampage  .   (no gloves)
MR       .....     NoTele   +   (no boots)
Stlth    ++........             (no amulet)
HPRegen  0.05/turn              (no ring)
MPRegen  0.11/turn              (no ring)

@: no status effects
A: no striking features
a: no special abilities


You were in the Dungeon.
You visited 1 branch

Inventory:

Missiles
 b - 17 stones (quivered)
Armour
 c - a +0 robe (worn)
Scrolls
 i - a scroll of blinking
Potions
 a - a potion of ambrosia {unknown}
 d - a potion of curing
 e - a potion of heal wounds
 f - a potion of haste
 g - 2 potions of magic
 h - a potion of berserk rage


   Skills:
 + Level 3.3 Dodging
 + Level 3.1 Stealth
 + Level 4.8 Spellcasting
   Level 1.1 Transmutations
 + Level 5.7 Earth Magic


You had 9 spell levels left.
You knew the following spells:

 Your Spells              Type           Power        Failure   Level
a - Sandblast             Erth           ####..       1%          1

Your spell library contained the following spells:

 Spells                   Type           Power        Failure   Level
 Passwall                 Tmut/Erth      ###.....     4%          2
 Stone Arrow              Conj/Erth      ###...       12%         3
 Petrify                  Tmut/Erth      ###.....     30%         4
 Lee's Rapid Deconstruct  Erth           ####......   34%         5


Dungeon Overview and Level Annotations

Branches:
Dungeon (1/1)

Altars:

Annotations:
D Crazy Yiuf


Message History

Casting: Sandblast (safe; 1% risk of failure)
Confirm with . or Enter, or press ? or * to list all spells.
Aiming: Sandblast (safe; 1% risk of failure)
Press: ? - help, Shift-Dir - straight line, f/p - Crazy Yiuf
Aim: Crazy Yiuf, wielding a +4 quarterstaff of chaos and wearing a +0 cloak (heavily wounded)
The blast of sand hits Crazy Yiuf!
Crazy Yiuf is almost dead.
b - 18 stones
Casting: Sandblast (safe; 1% risk of failure)
Confirm with . or Enter, or press ? or * to list all spells.
Aiming: Sandblast (safe; 1% risk of failure)
Press: ? - help, Shift-Dir - straight line, f/p - Crazy Yiuf
Aim: Crazy Yiuf, wielding a +4 quarterstaff of chaos and wearing a +0 cloak (almost dead)
The blast of sand misses Crazy Yiuf.
b - 17 stones Crazy Yiuf hits you with a +4 quarterstaff of chaos!
Ouch! That really hurt!
Space warps horribly around you!!
Ouch! That really hurt!
You die...

▓...#......##
▓..##.......# .#
▓##.##.##..†# .#
##.##.###..# ..#
▓#.####.##..# ...+
▓.###†.##..##
#...# ▓#.....##..#
#....#
###..##...##.....#
##..##....#@g....#
#..###..##.#.....#
#..# #.. ####....#
▓▓▓▓ ▓▓▓ ▓▓▓▓▓


You could see Crazy Yiuf.

Vanquished Creatures
  A human (D)
  An ooze (D)
  3 rats (D)
5 creatures vanquished.

Vanquished Creatures (others)
  5 plants (D)
5 creatures vanquished.

Grand Total: 10 creatures vanquished

Notes
Turn   | Place    | Note
-------+----------+-------------------------------------------
     0 | D        | mhtbhm the Deep Elf Earth Elementalist began the quest for
                  | the Orb.
     0 | D        | Reached XP level 1. HP: 10/10 MP: 6/6
    10 | D        | Reached skill level 4 in Earth Magic
    87 | D        | Reached skill level 5 in Earth Magic
    87 | D        | Reached XP level 2. HP: 6/15 MP: 0/9
   248 | D        | Noticed Crazy Yiuf
   251 | D        | Demolished by Crazy Yiuf

Illustrated notes

Levels and vault maps discovered:
D:        dungeon_sprint_mu [sprint_mu_entry_cave, sprint_mu_temple_rooms,
          sprint_mu_d1_spiders, sprint_mu_d2_genie, sprint_mu_d3_branching,
          sprint_mu_orc_legion, sprint_mu_elf_gauntlet, sprint_mu_hive_nellie,
          sprint_mu_lair_fedhas, sprint_mu_vaults_butterflies,
          sprint_mu_slime_circle, sprint_mu_swamp_cave, sprint_mu_snake_twists,
          sprint_mu_blade_basic, sprint_mu_crypt_fortress,
          sprint_mu_tomb_spiral, sprint_mu_vestibule_basic,
          sprint_mu_gehenna_hellfire, sprint_mu_dis_giant,
          sprint_mu_tartarus_statrot, sprint_mu_cocytus_islands, sprint_mu_zot1]

Skill      XL: |  1 |
---------------+----+-----
Earth Magic    | 5 |  5.7
Dodging        | 3 |  3.3
Stealth        | 3 |  3.1
Spellcasting   | 4 |  4.8
Transmutations | |  1.1

Action                   || total
-------------------------++-------
 Cast: Sandblast         ||    13
Dodge: Dodged            ||     2

Table legend: (Time is in decaauts)
 A = Elapsed time spent in this place.
 B = Non-inter-level travel time spent in this place.
 C = Inter-level travel time spent in this place.
 D = Time resting spent in this place.
 E = Time spent auto-exploring this place.
 F = Levels seen in this place.
 G = Mean time per level.
                   A        B        C        D        E       F      G
               +--------+--------+--------+--------+--------+-----+--------+
         Total |    251 |    251 |      0 |    192 |     14 |   1 |  251.0 |
       Dungeon |    251 |    251 |      0 |    192 |     14 |   1 |  251.0 |
               +--------+--------+--------+--------+--------+-----+--------+

Top non-repeatable levels by time:
       D: 251 daAuts
